Map: Lerilak Crest

Players

ImmortalZodd

  • Race: Zerg Zerg
  • League: Silver

ZerOFalcon - Winner!

  • Race: Zerg Zerg
  • League: Silver

VOD

Have the link to the VOD?

Description

Time

  • Played on: Jan. 29, 2016, 5:29 p.m.
  • Length: 19:11
Show
View Real Time Build Order
Export as new Build Order

ImmortalZodd Zerg 

Build Orders: Hatch First 

Get SALT Encoding   

  12  0:02  Drone  
  13  0:08  Drone  
  14  0:20  Extractor  
  14  0:21  Drone  
  14  0:25  Overlord  
  15  0:57  Drone x2  
  15  1:01  Drone  
  15  1:02  Extractor  
  15  1:03  Hatchery  
  16  1:11  Drone  
  17  1:20  Drone  
  18  1:31  Drone  
  19  1:33  Spawning Pool  
  18  1:41  Drone  
  19  1:51  Overlord  
  19  2:06  Drone  
  20  2:18  Drone x2  
  20  2:19  Metabolic Boost  
  20  2:20  Queen  
  24  2:23  Queen  
  26  2:33  Zergling x4  
  26  2:35  Zergling x2  
  29  2:37  Zergling x2  
  30  2:46  Drone  
  31  2:55  Evolution Chamber  
  29  3:00  Baneling Nest, Zergling x6  
  31  3:10  Drone x2  
  33  3:17  Overlord  
  33  3:20  Drone  
  34  3:27  Zerg Melee Weapons Level 1  
  34  3:29  Drone  
  35  3:40  Zergling x4  
  35  3:41  Zergling x8  
  40  3:47  Baneling x2  
  41  3:50  Drone x2  
  41  3:51  Drone  
  44  3:56  Overlord  
  44  4:03  Baneling  
  44  4:04  Baneling  
  44  4:10  Overlord x2  
  44  4:15  Zergling x4  
  44  4:16  Zergling x2  
  47  4:20  Baneling  
  47  4:23  Zergling x4  
  49  4:28  Drone x2  
  49  4:29  Drone  
  52  4:32  Zergling x2, Extractor  
  52  4:41  Roach Warren  
  41  5:21  Roach  
  41  5:22  Roach x6  
  41  5:26  Roach  
  49  5:38  Roach  
  51  5:45  Roach  
  53  5:54  Roach  
  53  5:55  Extractor  
  49  6:12  Roach x3  
  49  6:15  Roach  
  53  6:22  Roach x2  
  57  6:30  Roach  
  59  6:33  Zergling x8  
  63  6:42  Zergling x2  
  63  6:43  Zergling x2  
  65  7:00  Roach  
  67  7:02  Overlord x6  
  67  7:15  Roach  
  66  7:29  Roach x2  
  71  7:30  Roach x3  
  59  7:38  Roach  
  59  7:43  Roach  
  53  8:03  Zergling x8  
  57  8:18  Roach x2  
  61  8:39  Hatchery  
  61  8:40  Roach x4  
  61  8:41  Roach x6  
  76  8:46  Zerg Missile Weapons Level 1  
  76  8:47  Roach  
  82  8:54  Spine Crawler  
  81  8:56  Spine Crawler  
  80  9:03  Lair  
  80  9:12  Roach x4  
  80  9:13  Roach  
  90  9:23  Roach x2  
  94  9:27  Drone x4  
  95  10:13  Spire  
  94  10:17  Overseer  
  94  10:23  Overseer  
  94  10:42  Zergling x12  
  100  10:43  Zergling x16  
  100  10:44  Zergling x14  
  100  10:45  Zergling x2  
  116  11:06  Extractor  
  101  11:28  Mutalisk x3  
  107  11:40  Zerg Flyer Weapons Level 1  
  107  11:53  Mutalisk  
  107  11:58  Mutalisk  
  66  12:17  Mutalisk x2  
  44  12:24  Mutalisk  
  46  12:31  Mutalisk  
  46  12:34  Zergling x8  
  46  12:35  Zergling x4  
  50  13:09  Zergling x2  
  50  13:10  Zergling x16  
  50  13:11  Zergling x6  
  56  13:23  Infestation Pit  
  55  13:38  Roach x6  
  55  13:39  Roach  
  69  13:42  Zerg Flyer Weapons Level 2  
  69  13:43  Hydralisk Den  
  68  13:48  Glial Reconstitution  
  68  13:50  Roach  
  66  14:34  Hydralisk x5  
  76  14:44  Hydralisk  
  74  14:52  Hydralisk  
  76  15:06  Hydralisk x2  
  80  15:31  Hydralisk x3  
  86  16:01  Hydralisk x3  
  84  16:33  Hydralisk  
  84  16:34  Hydralisk x3  
  30  17:32  Mutalisk  
  30  17:33  Mutalisk x6  
  42  18:01  Mutalisk x2  
  44  18:33  Mutalisk x3  
Show
View Real Time Build Order
Export as new Build Order

ZerOFalcon Zerg - Winner!

Build Orders: Pool First, Roach Nydus 

Get SALT Encoding   

  12  0:07  Overlord  
  12  0:14  Drone  
  12  0:17  Drone  
  14  0:26  Drone  
  15  0:30  Drone  
  16  0:41  Drone  
  17  0:48  Spawning Pool  
  16  0:51  Drone  
  16  0:53  Extractor  
  16  1:04  Drone  
  17  1:21  Drone  
  17  1:23  Hatchery  
  17  1:26  Overlord  
  17  1:34  Drone  
  18  1:41  Spine Crawler  
  18  1:45  Drone  
  18  1:55  Drone  
  19  2:03  Roach Warren  
  19  2:06  Drone  
  19  2:17  Lair  
  19  2:19  Drone  
  20  2:28  Overlord  
  20  2:36  Drone  
  21  2:37  Queen  
  21  2:43  Extractor  
  22  2:45  Roach  
  22  2:50  Roach  
  28  2:58  Roach  
  28  3:06  Drone  
  28  3:11  Drone  
  28  3:12  Drone  
  31  3:16  Queen  
  31  3:19  Drone  
  34  3:23  Drone  
  35  3:28  Roach  
  35  3:32  Drone  
  38  3:42  Drone  
  39  3:49  Overseer  
  39  3:51  Overseer  
  39  4:00  Roach  
  39  4:01  Roach  
  43  4:09  Drone  
  44  4:13  Overlord  
  44  4:16  Hydralisk Den, Extractor  
  42  4:17  Extractor  
  42  4:18  Drone  
  42  4:19  Drone x2  
  42  4:21  Overlord  
  44  4:36  Zergling x2  
  44  4:37  Zergling x4  
  47  4:39  Nydus Network  
  46  4:50  Roach  
  46  4:51  Roach x3  
  54  5:06  Spine Crawler  
  52  5:15  Roach x2  
  52  5:21  Roach x3  
  52  5:31  Drone  
  50  5:39  Roach x3  
  56  5:54  Zergling x2  
  56  5:55  Zergling x2  
  58  5:58  Overlord x2  
  58  6:14  Roach  
  58  6:15  Roach x3  
  54  6:25  Zergling x2  
  54  6:26  Zergling x4  
  57  6:54  Ravager x2  
  57  6:55  Ravager x4  
  63  7:03  Roach x2  
  63  7:05  Drone  
  66  7:19  Drone x4  
  63  7:34  Roach  
  63  7:35  Roach x3  
  59  7:45  Roach  
  61  8:09  Drone x7  
  68  8:24  Hatchery  
  67  8:47  Spore Crawler  
  66  8:49  Spine Crawler  
  66  8:50  Spine Crawler  
  66  8:52  Spine Crawler  
  63  8:56  Hatchery  
  63  9:00  Hydralisk  
  63  9:01  Hydralisk x2  
  68  9:12  Spore Crawler  
  67  9:17  Drone  
  67  9:18  Drone x3  
  67  9:23  Drone  
  72  9:25  Drone x2  
  72  9:29  Zergling x2  
  75  9:48  Drone x2  
  79  9:57  Roach  
  81  10:06  Overlord x2  
  81  10:07  Overlord  
  81  10:08  Roach  
  81  10:09  Roach  
  81  10:10  Roach  
  87  10:14  Ravager  
  86  10:21  Roach  
  86  10:27  Roach  
  86  10:28  Evolution Chamber, Roach x4  
  98  10:31  Ravager x4  
  98  10:32  Ravager  
  102  10:44  Drone x2  
  102  10:47  Lurker Den  
  104  10:52  Drone x2  
  104  10:53  Drone  
  106  11:09  Ravager  
  106  11:10  Ravager x5  
  110  11:26  Spine Crawler  
  110  11:27  Drone x3  
  110  11:28  Spine Crawler  
  111  11:38  Zergling x2  
  112  11:41  Overlord  
  112  11:42  Overlord x3  
  78  12:30  Hydralisk  
  78  12:31  Spore Crawler, Hydralisk x15  
  78  12:32  Spore Crawler  
  78  12:36  Spore Crawler  
  107  12:42  Spore Crawler x2  
  107  12:43  Spore Crawler  
  104  12:44  Spore Crawler  
  104  12:46  Spore Crawler  
  102  12:55  Drone x2  
  102  12:58  Spore Crawler  
  103  13:01  Spore Crawler  
  102  13:10  Queen  
  105  13:19  Zergling x2, Muscular Augments  
  106  13:20  Zergling x10  
  106  13:24  Zerg Missile Weapons Level 1  
  111  13:27  Drone  
  111  13:29  Drone  
  113  13:43  Drone, Extractor  
  113  13:44  Drone, Queen  
  113  13:45  Extractor  
  113  13:47  Roach  
  117  13:51  Drone  
  118  13:59  Zergling x8  
  122  14:07  Drone  
  122  14:08  Drone x3  
  126  14:16  Spore Crawler  
  125  14:18  Drone x2, Spore Crawler  
  126  14:29  Drone x2  
  128  14:32  Queen  
  128  14:37  Spore Crawler  
  131  14:38  Roach  
  131  14:39  Roach x3  
  131  14:45  Drone  
  138  14:47  Spore Crawler  
  137  14:53  Overseer  
  137  15:02  Metabolic Boost  
  137  15:11  Glial Reconstitution  
  137  15:19  Evolution Chamber  
  136  15:26  Overlord x2  
  136  15:27  Overlord x4  
  136  15:32  Drone, Extractor  
  136  15:34  Extractor  
  136  15:35  Ravager x6  
  141  15:37  Lurker x2  
  141  15:38  Lurker  
  141  15:40  Hatchery  
  143  16:08  Drone x2  
  145  16:11  Drone  
  145  16:12  Drone x3  
  149  16:24  Infestation Pit  
  146  16:30  Overseer  
  146  16:31  Overseer x3  
  146  16:35  Overlord x2  
  146  16:36  Overlord x4  
  146  16:41  Zergling x2  
  146  16:42  Zergling x24  
  159  16:49  Tunneling Claws  
  159  16:54  Burrow  
  151  17:14  Drone  
  151  17:15  Drone x2  
  154  17:50  Spine Crawler  
  153  18:00  Drone  
  153  18:01  Drone x2  
  156  18:21  Drone, Extractor  
  156  18:23  Extractor  
  154  18:27  Spore Crawler  
  153  18:48  Spore Crawler  
  153  18:52  Drone  
  153  18:53  Drone x5, Spore Crawler  
  157  19:00  Nydus Canal  
Tags
 
Add a new tag
Caveats
  • Supply blocks, unpowered buildings, or Contaminate may cause inaccurate times.
  • Supply counts are checked every 10 seconds.